 Dungeon Crawl Stone Soup version 0.28.0 (webtiles) character file.

Game seed: 12971777821619373908

9 ces the Sneak (level 2, -1/14 HPs)
             Began as a Spriggan Brigand on Feb 13, 2022.
             Slain by a quokka (2 damage)
             ... on level 1 of the Dungeon on Feb 16, 2022.
             The game lasted 00:02:34 (417 turns).

ces the Sneak (Spriggan Brigand)                     Turns: 417, Time: 00:02:34

Health: -1/14      AC:  3    Str:  7    XL:     2   Next: 3%
Magic:  3/3        EV: 16    Int: 12    God:
Gold:   7          SH:  0    Dex: 16    Spells: 1/1 levels left

rFire   . . .      SeeInvis +   a - +2 dagger
rCold   . . .      Faith    .   (no shield)
rNeg    . . .      Spirit   .   b - +0 robe
rPois   .          Reflect  .   (helmet restricted)
rElec   .          Harm     .   c - +0 cloak
rCorr   .          Rampage  .   (gloves unavailable)
Will    .....                   (boots unavailable)
Stlth   +++.......              (no amulet)
HPRegen 0.04/turn               (no ring)
MPRegen 0.08/turn               (no ring)

@: very quick
A: very small, no large weapons, unfitting armour, see invisible, speed 3
a: no special abilities


You were on level 1 of the Dungeon.
You visited 1 branch of the dungeon, and saw 1 of its levels.

You collected 7 gold pieces.

Inventory:

Hand Weapons
 a - a +2 dagger (weapon)
Missiles
 d - 8 poisoned darts (quivered)
 e - 2 curare-tipped darts
Armour
 b - a +0 robe (worn)
 c - a +0 cloak (worn)
Scrolls
 f - a scroll of teleportation {unknown}
 g - a scroll of identify {unknown}
Potions
 h - a potion of flight {unknown}


   Skills:
 + Level 1.5 Fighting
 + Level 2.2 Short Blades
 + Level 2.0 Throwing
 + Level 1.3 Dodging
 + Level 6.6 Stealth


You had one spell level left.
You didn't know any spells.
Your spell library was empty.

Dungeon Overview and Level Annotations

Branches:
Dungeon (1/15)

Altars:


Innate Abilities, Weirdness & Mutations

You are very small and have problems with some larger weapons.
You are too small for most types of armour.
You have supernaturally acute eyesight. (SInv)
You cover ground extremely quickly. (Speed+++)


Message History

You are too injured to fight recklessly!
You hit the dart slug.
The dart slug is almost dead.
You hit the dart slug.
You kill the dart slug!
You have reached level 2!
You start resting.
A goblin is nearby!
A goblin is nearby!
A goblin is nearby!
A goblin is nearby!
A goblin is nearby!
You see here a +0 dagger.
A quokka comes into view.
The quokka bites you.
You barely miss the quokka. The quokka completely misses you.
You hit the quokka.
The quokka is lightly wounded.
The quokka completely misses you.
You hit the quokka.
The quokka is heavily wounded.
The quokka closely misses you.
You hit the quokka but do no damage.
The quokka is heavily wounded.
The quokka bites you.
* * * LOW HITPOINT WARNING * * *
You barely miss the quokka.
The quokka is heavily wounded.
The quokka bites you.
* * * LOW HITPOINT WARNING * * *
You hit the quokka but do no damage.
The quokka is heavily wounded.
The quokka completely misses you.
You closely miss the quokka.
The quokka is heavily wounded.
The quokka closely misses you.
You hit the quokka but do no damage.
The quokka is heavily wounded.
The quokka bites you.
You die...

#.....≈≈≈...≈≈≈.
#####....≈≈≈≈≈.≈≈≈≈≈
.##...................
...................#..
#...†..............)
#.#...$###.##..#..
#.#....# #........
#r#)...# #.##.....
#@#....###.####...
#.......##.#####.#
#.......##.......#
##.#.##.########.#
#.#....# #.# .......#
#.. #..####.# ### #...
... #.## ##


You could see a quokka.

Vanquished Creatures
  A dart slug (D:1)
  A ball python (D:1)
  An endoplasm (D:1)
  2 goblins (D:1)
5 creatures vanquished.

Vanquished Creatures (others)
  A quokka (D:1)
1 creature vanquished.

Grand Total: 6 creatures vanquished

Notes
Turn   | Place    | Note
-------+----------+-------------------------------------------
     0 | D:1      | ces the Spriggan Brigand began the quest for the Orb.
     0 | D:1      | Reached XP level 1. HP: 10/10 MP: 2/2
    29 | D:1      | Reached skill level 6 in Stealth
   290 | D:1      | Reached XP level 2. HP: 3/14 MP: 3/3
   417 | D:1      | Slain by a quokka

Illustrated notes

Levels and vault maps discovered:
D:1:      onia_arrival_pyramid, layout_loops_cross,
          hellmonk_ecumenical_altar_heavens_door, minmay_pentomino_x2

Skill      XL: |  1 |
---------------+----+-----
Stealth        | 6 |  6.6
Fighting       | |  1.5
Short Blades   | |  2.2
Throwing       | |  2.0
Dodging        | |  1.3

Action                   || total
-------------------------++-------
Melee: Dagger            ||    29
 Stab: Sleeping          ||     2
Armor: Robe              ||     2
Dodge: Dodged            ||    16
